 Dungeon Sprint DCSS version 0.28.0-47-ge53b351184 (webtiles) character file.

Game seed: 11861876664144827809

4 browni3141 the Slasher (level 1, -4/18 HPs)
             Began as a Formicid Fighter on May 4, 2022.
             Slain by an iguana (10 damage)
             ... in the Dungeon (Sprint IX: "|||||||||||||||||||||||||||||").
             The game lasted 00:00:25 (57 turns).

browni3141 the Slasher (Formicid Fighter)             Turns: 57, Time: 00:00:26

Health: -4/18      AC:  6    Str: 20    XL:     1   Next: 77%
Magic:  1/1        EV:  9    Int:  7    God:
Gold:   0          SH:  4    Dex: 10    Spells: 0/0 levels left

rFire   . . .      SeeInvis +   a - +0 long sword
rCold   . . .      Faith    .   c - +0 buckler
rNeg    . . .      Spirit   .   b - +0 scale mail
rPois   .          Reflect  .   (helmet unavailable)
rElec   .          Harm     .   (no cloak)
rCorr   .          Rampage  .   (no gloves)
Will    .....                   (no boots)
Stlth   ..........              (no amulet)
HPRegen 0.06/turn               (no ring)
MPRegen 0.07/turn               (no ring)

@: mighty
A: permanent stasis, dig shafts and tunnels, antennae 3, four strong arms
a: Dig


You were in the Dungeon.
You visited 1 branch


Innate Abilities, Weirdness & Mutations

You cannot be hasted, slowed, berserked, paralysed or teleported.
You can dig through walls and to a lower floor.
You have a pair of large antennae on your head. (SInv)
Your four strong arms can wield two-handed weapons with a shield.


   Skills:
 - Level 3.2 Fighting
 * Level 3.9 Long Blades
 - Level 3.2 Armour
 - Level 3.6 Shields


You couldn't memorise any spells.
You didn't know any spells.
Your spell library was empty.

Inventory:

Hand Weapons
 a - a +0 long sword (weapon)
Armour
 b - a +0 scale mail (worn)
 c - a +0 buckler (worn)
Potions
 e - a potion of curing {@q1}
 f - a potion of heal wounds {@q2}
 g - 2 potions of magic

Dungeon Overview and Level Annotations

Branches:
Dungeon (1/1)

Altars:
¦¦¦¦¦¦¦¦¦¦¦¦¦¦¦¦¦¦ ¦<...)....@lhohO.+ ¦¦¦¦¦¦¦¦¦¦¦¦¦¦¦¦¦¦

You could see an ogre, an iguana, 2 hounds and an orc.


Message History

The frilled lizard barely misses you.
You completely miss the frilled lizard. The frilled lizard bites you.
You slash the frilled lizard!
You kill the frilled lizard!
You hit the goblin.
You kill the goblin!
No target in view!
HP restored.
There is an open door to the Dungeon, spattered with blood here.
Things that are here:
a +0 club; a bat corpse You sense a monster nearby.
You sense a monster nearby.
You open the door.
An iguana, an orc, 2 hounds and an ogre come into view.
The iguana hisses angrily.
The hound barks!
The orc shouts!
The hound barks!
The ogre shouts!
Your health is already full.
You feel very mighty all of a sudden. You block the iguana's attack.
You barely miss the iguana. The iguana bites you.
The hound pauses to sniff the ground.
You hit the iguana.
The iguana is heavily wounded.
The iguana bites you!
* * * LOW HITPOINT WARNING * * *
The iguana hisses menacingly.
The iguana bites you!
Ouch! That really hurt!
You die...

Skill      XL: |  1 |
---------------+----+-----
Long Blades    | 3 |  3.9
Fighting       | |  3.2
Armour         | |  3.2
Shields        | |  3.6

Action                   || total
-------------------------++-------
Melee: Long sword        ||    12
  Use: Potion            ||     1
Armor: Scale mail        ||     5
Dodge: Dodged            ||     3
Block: Buckler           ||     2

Levels and vault maps discovered:
D:        linesprint [early_d, line_temple, items_1, d_10, items_2, lair_1,
          lair_end, items_3, orc_1, orc_end, items_4, d_15, swamp_1, shoals_1,
          snake_1, spider_1, d_20, vaults_1, items_5, swamp_end, shoals_end,
          snake_end, spider_end, vaults_end, d_27, items_6, zot_1, zot_end,
          crypt_end, forest_end, elf_end, slime_end, tomb_end, abyss_end,
          pan_hell_end]

Notes
Turn   | Place    | Note
-------+----------+-------------------------------------------
     0 | D        | browni3141 the Formicid Fighter began the quest for the
                  | Orb.
     0 | D        | Reached XP level 1. HP: 18/18 MP: 1/1
     7 | D        | Reached skill level 3 in Long Blades
    54 | D        | Noticed an iguana
    54 | D        | Noticed a hound
    54 | D        | Noticed a hound
    54 | D        | Noticed an ogre
    57 | D        | Slain by an iguana

Vanquished Creatures
  An endoplasm (D)
  A goblin (D)
  A bat (D)
  2 frilled lizards (D)
5 creatures vanquished.

Table legend: (Time is in decaauts)
 A = Elapsed time spent in this place.
 B = Non-inter-level travel time spent in this place.
 C = Inter-level travel time spent in this place.
 D = Time resting spent in this place.
 E = Time spent auto-exploring this place.
 F = Levels seen in this place.
 G = Mean time per level.
                   A        B        C        D        E       F      G
               +--------+--------+--------+--------+--------+-----+--------+
         Total |     60 |     60 |      0 |      0 |     37 |   1 |   60.0 |
       Dungeon |     60 |     60 |      0 |      0 |     37 |   1 |   60.0 |
               +--------+--------+--------+--------+--------+-----+--------+

Top non-repeatable levels by time:
       D: 60 daAuts

Table legend:
 A = Non-vault XP
 B = Vault XP
 C = Vault XP percentage of total XP
 D = Non-vault monster count
 E = Vault monster count
 F = Vault count percentage of total count
                 A         B        C        D         E       F
            +---------+---------+-------+---------+---------+-------
      Total |       0 |       7 | 100.0 |       0 |       5 | 100.0
            +---------+---------+-------+---------+---------+-------
          D |       0 |       7 | 100.0 |       0 |       5 | 100.0
            +---------+---------+-------+---------+---------+-------
